 Dungeon Crawl Stone Soup version 0.29.1-15-g9cfb28693d (webtiles) character file.

Game seed: 16452460732827206661

11 protoss039 the Digger (level 2, 20/20 HPs)
             Began as a Demonspawn Earth Elementalist on Mar 14, 2023.
             Got out of the dungeon alive.
             The game lasted 00:00:58 (400 turns).

protoss039 the Digger (DsEE)                         Turns: 400, Time: 00:00:58

Health: 20/20      AC:  3    Str:  8    XL:     2   Next: 17%
Magic:  5/5        EV: 12    Int: 16    God:
Gold:   22         SH:  0    Dex: 13    Spells: 4/5 levels left

rFire   . . .      SeeInvis .   f - +2 short sword (vamp)
rCold   . . .      Faith    .   (no shield)
rNeg    . . .      Spirit   .   a - +0 robe
rPois   .          Reflect  .   (no helmet)
rElec   .          Harm     .   c - +0 cloak
rCorr   .          Rampage  .   (no gloves)
Will    .....                   (no boots)
Stlth   ++........              (no amulet)
HPRegen 0.06/turn               (no ring)
MPRegen 0.09/turn               (no ring)

@: no status effects
A: demonic guardian 1
a: no special abilities


You escaped.
You visited 1 branch of the dungeon, and saw 1 of its levels.

You collected 22 gold pieces.

Inventory:

Hand Weapons
 d - a +0 dagger
 f - a +2 vampiric short sword (weapon)
Armour
 a - a +0 robe (worn)
 c - a +0 cloak (worn)
Magical Staves
 e - a staff of earth
Potions
 b - a potion of magic


   Skills:
 + Level 0.9 Fighting
 - Level 1.7 Dodging
 - Level 1.7 Stealth
 + Level 2.2 Spellcasting
 - Level 0.8 Transmutations
 + Level 2.9 Earth Magic


You had 4 spell levels left.
You knew the following spells:

 Your Spells              Type           Power      Damage    Failure   Level
a - Sandblast             Erth           22%        2d7       6%          1

Your spell library contained the following spells:

 Spells                   Type           Power      Damage    Failure   Level
 Passwall                 Tmut/Erth      5%         N/A       14%         2
 Summon Small Mammal      Summ           4%         N/A       21%         1
 Stone Arrow              Conj/Erth      12%        3d7       32%         3
 Call Canine Familiar     Summ           1%         N/A       52%         3
 Summon Guardian Golem    Hex/Summ       1%         N/A       52%         3
 Petrify                  Tmut/Erth      7%         N/A       67%         4
 Animate Armour           Summ/Erth      12%        N/A       73%         4
 Lehudib's Crystal Spear  Conj/Erth      3%         10d2      100%        8


Dungeon Overview and Level Annotations

Branches:
Dungeon (1/15) Zot: 5595

Altars:


Innate Abilities, Weirdness & Mutations

A weak demonic guardian rushes to your aid.


Message History

Press: ? - help, Shift-Dir - straight line, f - goblin
Aim: a goblin, wielding a +0 club (77% to hit)
The blast of sand hits the goblin!
You kill the goblin!
Unknown command.
You open the door.
There is an open door here.
A kobold comes into view.
It is wielding a +2 vampiric short sword.
You can't go up here!
A kobold is nearby!
Casting: Sandblast (safe; 6% risk of failure)
Confirm with . or Enter, or press ? or * to list all spells.
Aiming: Sandblast (safe; 6% risk of failure)
Press: ? - help, Shift-Dir - straight line, f - kobold
Aim: a kobold, wielding a +2 vampiric short sword (wandering, hasn't noticed you, 77% to hit)
The blast of sand hits the kobold.
You kill the kobold!
Unknown command.
You see here a +0 short sword.
A goblin comes into view. It is wielding a +0 club.
Found 7 gold pieces.
The goblin moves out of view.
The goblin shouts!
You see here a +2 vampiric short sword.
f - a +2 vampiric short sword You feel a sense of dread.
f - a +2 vampiric short sword (weapon)
The goblin barely misses you.
You hit the goblin.
You kill the goblin!
Things that are here:
a +0 club; a goblin corpse As you open the door, it creaks loudly!
You hear a shout!
You can't go up here!
There is an open door here.
(D) Dungeon
Where to? (Enter - D:1 @ (x,y), ? - help)
There is an open door here.
There is a staircase leading out of the dungeon here.
Are you sure you want to leave the Dungeon?
This will make you lose the game!
You have escaped!

........###.#...##.#..##
........###.#..........####
........##................♣
##########.#####'#####.###♣
#.#.........#.#
#.#.........#.#
#.#..⌠...⌠..#.#
#.#.........#.#
#.'....@....+.#####
###.........#.....#
#..⌠...⌠..#....>#
#.........##.##.#
#.........##.##.#
#####'######.##.#
#........##.# ###########.♣
#♣♣


There were no monsters in sight!

Vanquished Creatures
  A giant cockroach (D:1)
  3 goblins (D:1)
  2 hobgoblins (D:1)
  A ball python (D:1)
  2 kobolds (D:1)
  2 rats (D:1)
11 creatures vanquished.

Notes
Turn   | Place    | Note
-------+----------+-------------------------------------------
     0 | D:1      | protoss039 the Demonspawn Earth Elementalist began the
                  | quest for the Orb.
     0 | D:1      | Reached XP level 1. HP: 13/13 MP: 3/3
   216 | D:1      | Gained mutation: A weak demonic guardian rushes to your
                  | aid. [demonic ancestry]
   216 | D:1      | Reached XP level 2. HP: 14/20 MP: 0/5
   400 | D:$      | Got out of the dungeon alive.

Illustrated notes

Levels and vault maps discovered:
D:1:      mushboom_english_gardens, layout_basic,
          hellmonk_ecumenical_altar_the_god_not_taken, minmay_misc_feat_tiny

Action                   || total
-------------------------++-------
Melee: Dagger            ||     3
       Short sword       ||     1
 Cast: Sandblast         ||    11
Armor: Robe              ||     1
Dodge: Dodged            ||     5
